 Dungeon Crawl Stone Soup version 0.27-a0-1281-ge233d83751 (webtiles) character file.

Game seed: 7899603982918620196

2144 avis the Basher (level 9, -2/74 HPs)
             Began as a Hill Orc Monk on June 13, 2021.
             Was a Follower of Beogh.
             Slain by an orc priest (8 damage)
             ... on level 7 of the Dungeon on June 14, 2021.
             The game lasted 00:36:45 (7491 turns).

avis the Basher (Hill Orc Monk)                     Turns: 7491, Time: 00:36:46

Health: -2/74      AC:  9    Str: 17    XL:     9   Next: 30%
Magic:  4/9        EV:  7    Int: 10    God:    Beogh [*.....]
Gold:   309        SH:  0    Dex: 13    Spells: 8/8 levels left

rFire    . . .     SeeInvis .   a - +3 whip (elec)
rCold    . . .     Faith    .   (no shield)
rNeg     . . .     Spirit   .   w - +0 chain mail
rPois    .         Reflect  .   (no helmet)
rElec    .         Harm     .   (no cloak)
rCorr    .         Rampage  .   (no gloves)
Will     .....                  m - +0 pair of boots
Stlth    ..........             (no amulet)
HPRegen  0.22/turn              (no ring)
MPRegen  0.11/turn              (no ring)

@: confused, very slightly contaminated, invisible
A: no striking features
a: Renounce Religion


You were on level 7 of the Dungeon.
You worshipped Beogh.
Beogh was aware of your devotion.
You visited 1 branch of the dungeon, and saw 7 of its levels.
You also visited: Sewer.

You collected 309 gold pieces.

Inventory:

Hand Weapons
 a - a +3 whip of electrocution (weapon)
 b - a +0 hunting sling
 f - a +0 scythe
 j - a +0 hand axe
 n - a +1 dagger of speed
 o - a +0 whip
 u - a +0 short sword of venom
 z - a +2 vampiric falchion
 B - a +0 halberd
 C - a +0 spear
 H - a +2 dire flail of pain
 J - a +5 halberd
 K - a +3 war axe
 P - a +0 vampiric dagger
Missiles
 e - 317 stones
 g - 48 poisoned darts (quivered)
 h - 122 arrows
 i - 54 bolts
 l - 28 sling bullets
 N - 4 boomerangs of dispersal
 Q - 5 boomerangs
Armour
 c - a +0 ring mail
 m - a +0 pair of boots (worn)
 w - a +0 chain mail (worn)
 y - a +0 chain mail
 D - a +0 chain mail
 G - a +0 chain mail
 O - a +0 chain mail
Jewellery
 r - a ring of flight
 M - an amulet of reflection
 R - an amulet of guardian spirit
Wands
 s - a wand of mindburst (6)
Scrolls
 d - a scroll of fear
 q - 2 scrolls of teleportation
 E - 2 scrolls of enchant weapon
 I - a scroll of noise {unknown}
 L - a scroll of silence {unknown}
Potions
 k - a potion of brilliance {unknown}
 t - a potion of degeneration {unknown}
 v - a potion of invisibility
 x - a potion of attraction {unknown}
 A - a potion of lignification {unknown}
 F - a potion of haste {unknown}


   Skills:
 * Level 5.5 Fighting
 - Level 5.7(10.5) Axes
 - Level 11.6(12.0) Maces & Flails
 + Level 1.2 Armour
 - Level 2.4 Dodging
 - Level 1.5 Stealth
 + Level 1.1 Invocations


You had 8 spell levels left.
You didn't know any spells.
Your spell library contained the following spells:

 Spells                   Type           Power      Damage    Failure   Level
 Beastly Appendage        Tmut           0%         N/A       100%        1
 Magic Dart               Conj           0%         1d3       100%        1
 Blink                    Tloc           N/A        N/A       100%        2
 Call Imp                 Summ           0%         N/A       100%        2
 Searing Ray              Conj           0%         3d3       100%        2
 Slow                     Hex            0%         N/A       100%        2
 Wereblood                Tmut           0%         N/A       100%        2
 Confusing Touch          Hex            0%         N/A       100%        3
 Conjure Flame            Conj/Fire      0%         6-21      100%        3
 Dazzling Flash           Conj/Hex       0%         N/A       100%        3
 Gell's Gravitas          Tloc           0%         N/A       100%        3
 Mephitic Cloud           Conj/Pois/Air  0%         N/A       100%        3
 Spider Form              Tmut/Pois      0%         N/A       100%        3
 Fulminant Prism          Conj/Hex       0%         3d6       100%        4
 Hailstorm                Conj/Ice       0%         3d3       100%        4
 Ice Form                 Ice/Tmut       0%         N/A       100%        4
 Iskenderun's Mystic Bla  Conj/Tloc      0%         2d3       100%        4
 Petrify                  Tmut/Erth      0%         N/A       100%        4
 Iskenderun's Battlesphe  Conj           0%         2d6       100%        5
 Metabolic Englaciation   Hex/Ice        0%         N/A       100%        5
 Yara's Violent Unravell  Hex/Tmut       0%         3d3       100%        5


Dungeon Overview and Level Annotations

Branches:
Dungeon (7/15)              Sewer (visited)
 Temple: D:4-7

Altars:
Fedhas
Okawaru

Shops:
D:5 =


Message History

The orc warrior hits you with a +0 short sword.
The orc priest mumbles some strange prayers to Beogh against you.
Pain shoots through your body!
* * * LOW HITPOINT WARNING * * *
The orc priest barely misses you.
You hit the orc warrior but do no damage.
The orc warrior is almost dead.
The orc warrior hits you with a +0 short sword.
* * * LOW HITPOINT WARNING * * *
Unknown command.
You hit the orc warrior but do no damage.
The orc warrior is almost dead.
The orc priest invokes the aid of Beogh against you.
Beogh smites you!
* * * LOW HITPOINT WARNING * * *
The orc priest barely misses you.
You feel better.
The orc warrior hits you with a +0 short sword.
* * * LOW HITPOINT WARNING * * *
The orc priest hits you but does no damage.
Aiming: Smiting
Press: ? - help, Dir - move target, f/p - orc warrior Smite: an orc warrior, wielding a +0 short sword and wearing a +0 plate armour (almost dead)
You smite the orc warrior!
You kill the orc warrior!
Beogh accepts your kill.
You can no longer smite your foes.
The orc priest hits you with a +0 flail.
* * * LOW HITPOINT WARNING * * *
You hear some strange, mumbled words.
You are confused.
Your Armour skill increases to level 1!
Your Invocations skill increases to level 1!
You are too confused!
You fade into invisibility!
The orc priest miscasts a cantrip.
You are very lightly contaminated with residual magic.
You're too confused to move!
The orc priest hits you with a +0 flail!
You die...
Beogh appreciates the orc priest's killing of a heretic priest.

############ #..........#
#..........# #..........# .
###..........# ...
.............####.....
##..........@o).......
#.........o.####..... ###
#...........# #. ### #..
#...........# #. #.#
#...........####.#########.#
....................)[.......
##.#####.#)######....######.#
#. #.#..#######..# #.# #
#.#.......#...######.#


You could see 2 orc priests.

Vanquished Creatures
  Grinder (D:5)
  Sigmund (D:2)
  Edmund (D:5)
  2 water moccasins
  A black bear (D:5)
  An orc warrior (D:7)
  A necrophage (D:4)
  2 ogres
  Blork the orc (D:6)
  A scorpion (D:6)
  A water moccasin zombie (D:5)
  3 wights (D:6)
  A centaur zombie (D:5)
  A bullfrog zombie (D:5)
  3 jellies
  2 hounds (D:3)
  2 centaur skeletons (D:6)
  Ijyb (D:4)
  3 iguanas
  2 orc wizards (D:7)
  A hound skeleton (D:4)
  5 gnolls
  8 adders
  A river rat (D:6)
  3 white imps
  An ufetubus (D:6)
  An adder skeleton (D:5)
  2 worms
  4 dart slugs
  12 orcs
  7 ball pythons
  7 endoplasms
  6 giant cockroaches
  2 hobgoblins (D:1)
  5 jackals (D:1)
  3 quokkas
  9 bats
  2 frilled lizards
  9 goblins
  12 kobolds
  A quokka skeleton (D:4)
  A rat (D:2)
133 creatures vanquished.

Vanquished Creatures (others)
  A centaur (D:7)
  An orc priest (D:7)
  An orc wizard (D:7)
  A white imp (D:7)
  4 orcs (D:7)
8 creatures vanquished.

Grand Total: 141 creatures vanquished

Notes
Turn   | Place    | Note
-------+----------+-------------------------------------------
     0 | D:1      | avis the Hill Orc Monk began the quest for the Orb.
     0 | D:1      | Reached XP level 1. HP: 19/19 MP: 1/1
   355 | D:1      | Reached XP level 2. HP: 27/27 MP: 2/2
   450 | D:1      | Identified Vehumet's Incunabulum of Damage Dealing and the
                  | Arsonist
   704 | D:1      | Reached skill level 5 in Axes
   910 | D:1      | Reached XP level 3. HP: 23/33 MP: 3/3
  1345 | D:1      | Found a faded altar of an unknown god.
  1729 | D:2      | Reached XP level 4. HP: 33/41 MP: 4/4
  1814 | D:2      | Reached skill level 1 in Maces & Flails
  2028 | D:2      | Noticed Sigmund
  2048 | D:2      | Killed Sigmund
  2049 | D:2      | Reached skill level 5 in Fighting
  2049 | D:2      | Reached skill level 4 in Maces & Flails
  2049 | D:2      | Reached XP level 5. HP: 26/48 MP: 5/5
  2049 | D:2      | Reached XP level 6. HP: 31/56 MP: 6/6
  3167 | D:3      | Reached skill level 5 in Maces & Flails
  3674 | D:4      | Noticed a necrophage
  3675 | D:4      | Found a blossoming altar of Fedhas.
  3681 | D:4      | Killed a necrophage
  3682 | D:4      | Reached skill level 6 in Maces & Flails
  3682 | D:4      | Reached XP level 7. HP: 54/61 MP: 7/7
  3850 | D:4      | Noticed Ijyb
  3859 | D:4      | Killed Ijyb
  4038 | D:4      | Found an iron altar of Okawaru.
  4201 | D:4      | Reached skill level 7 in Maces & Flails
  4695 | D:5      | Entered Level 5 of the Dungeon
  4896 | D:5      | Noticed Grinder
  4956 | D:5      | Noticed Edmund
  5054 | D:5      | Found Woagga Sunycs's Jewellery Shoppe.
  5112 | D:5      | Paralysed by Grinder for 6 turns
  5127 | D:5      | Killed Grinder
  5128 | D:5      | Reached skill level 8 in Maces & Flails
  5128 | D:5      | Reached XP level 8. HP: 61/68 MP: 8/8
  5239 | D:5      | Reached skill level 9 in Maces & Flails
  5806 | D:5      | Killed Edmund
  5807 | D:5      | Reached skill level 10 in Maces & Flails
  6128 | D:6      | Found a glowing drain.
  6153 | Sewer    | Entered a sewer
  6399 | D:6      | Reached skill level 11 in Maces & Flails
  6399 | D:6      | Reached XP level 9. HP: 74/74 MP: 9/9
  6658 | D:6      | Noticed Blork the orc
  6666 | D:6      | Killed Blork the orc
  7258 | D:7      | Became a worshipper of Beogh the Brigand
  7258 | D:7      | Reached * piety under Beogh
  7258 | D:7      | Reached ** piety under Beogh
  7487 | D:7      | Reached skill level 1 in Armour
  7487 | D:7      | Reached skill level 1 in Invocations
  7491 | D:7      | Slain by an orc priest

Illustrated notes

Levels and vault maps discovered:
D:1:      ebering_hopf_link, layout_loops_ring, serial_glass, glass_columns_c,
          glass_columns_a, basic_ecumenical_altar
D:2:      layout_rooms, kennysheep_generic_room_13, uniq_sigmund
D:3:      layout_basic, cheibrodos_gnoll_hut
D:4:      layout_loops_ring, marbit_many_paths, lemuel_crystal_altar, uniq_ijyb
D:5:      layout_basic, serial_shops, shop_fountains, uniq_grinder, uniq_edmund
D:6:      layout_loops_ring, portal_sewer_entry_b, uniq_blork_the_orc
D:7:      layout_basic, kennysheep_mini_moat, minmay_temple_entry_ruins

Skill      XL: |  1  2  3  4  5  6  7  8  9 |
---------------+----------------------------+-----
Fighting       | 4 5 |  5.5
Axes           | 5 |  5.7
Maces & Flails | 4 6 8 11 | 11.6
Armour         | 1 |  1.2
Invocations    | 1 |  1.1
Dodging        | |  2.4
Stealth        | |  1.5

Action                   |  1- 3 |  4- 6 |  7- 9 || total
-------------------------+-------+-------+-------++-------
Melee: Hand axe          |   172 |       |       ||   172
       Whip              |       |    60 |   213 ||   273
 Fire: Hunting sling     |       |    38 |     2 ||    40
Throw: Dart              |     4 |     8 |    53 ||    65
Invok: Smiting           |       |       |     2 ||     2
       Convert to Beogh  |       |       |     1 ||     1
Evoke: Wand              |       |       |    12 ||    12
  Use: Potion            |       |     1 |     2 ||     3
       Scroll            |       |       |     5 ||     5
 Stab: Sleeping          |     1 |       |       ||     1
Armor: Ring mail         |    64 |    17 |     5 ||    86
       Chain mail        |       |       |    87 ||    87
Dodge: Dodged            |    83 |    25 |    61 ||   169

Table legend: (Time is in decaauts)
 A = Elapsed time spent in this place.
 B = Non-inter-level travel time spent in this place.
 C = Inter-level travel time spent in this place.
 D = Time resting spent in this place.
 E = Time spent auto-exploring this place.
 F = Levels seen in this place.
 G = Mean time per level.
                   A        B        C        D        E       F      G
               +--------+--------+--------+--------+--------+-----+--------+
         Total |   7437 |   6953 |    484 |   1702 |   3486 |   8 |  929.6 |
       Dungeon |   7317 |   6833 |    484 |   1702 |   3486 |   7 | 1045.3 |
         Sewer |    119 |    119 |      0 |      0 |      0 |   1 |  119.0 |
               +--------+--------+--------+--------+--------+-----+--------+

Top non-repeatable levels by time:
     D:1: 1410 daAuts
     D:4: 1315 daAuts
     D:2: 1274 daAuts
     D:5: 1093 daAuts
     D:6: 1040 daAuts
     D:3: 949 daAuts
     D:7: 232 daAuts
   Sewer: 119 daAuts
